 Dungeon Crawl Stone Soup version 0.17-a0-1399-gd5b76e1 (webtiles) character file.

2835 Giampli the Shield-Bearer (level 9, -6/75 HPs)
             Began as a Hill Orc Fighter on June 17, 2015.
             Was a Believer of Beogh.
             Mangled by a hill giant
             ... wielding a +0 giant club
              (25 damage)
             ... on level 11 of the Dungeon on June 19, 2015.
             The game lasted 01:02:53 (8660 turns).

Giampli the Shield-Bearer (Hill Orc Fighter)        Turns: 8660, Time: 01:02:53

Health: -6/75      AC: 11    Str: 25      XL:     9   Next: 73%
Magic:  9/9        EV: 10    Int:  8      God:    Beogh [**....]
Gold:   222        SH: 11    Dex:  8 (11) Spells: 0 memorised, 8 levels left

rFire  . . .     SeeInvis +     B - +2 mace (drain)
rCold  . . .     Clarity  .     H - +2 ring mail {MR+}
rNeg   . . .     SustAt   .     c - +0 shield
rPois  .         Gourm    .     (no helmet)
rElec  .         Spirit   .     (no cloak)
rCorr  .         Warding  .     I - +0 pair of gloves
rMut   .         Stasis   .     v - +0 pair of boots
MR     +....                    S - amulet of rage
Stlth  ..........               b - +4 ring of strength
                                m - ring of see invisible

@: about to teleport, very slightly contaminated, slowed, very slow, somewhat
resistant to hostile enchantments, extremely unstealthy
A: no striking features
a: Smiting, Renounce Religion, Evoke Berserk Rage


You were on level 11 of the Dungeon.
You worshipped Beogh.
Beogh was pleased with you.
You were near starving.

You visited 1 branch of the dungeon, and saw 11 of its levels.

You collected 585 gold pieces.
You spent 363 gold pieces at shops.

Inventory:

Hand weapons
 i - a +0 hunting sling
 y - a +1 scythe
 B - a +2 mace of draining (weapon)
 N - the +7 Singing Sword
   (You found it on level 7 of the Dungeon)
Missiles
 f - 245 stones (quivered)
Armour
 c - a +0 shield (worn)
 s - a +0 plate armour
 v - a +0 pair of boots (worn)
 H - a +2 ring mail of magic resistance (worn)
 I - a +0 pair of gloves (worn)
Jewellery
 a - an uncursed ring of wizardry {unknown}
 b - a +4 ring of strength (right hand)
 m - a ring of see invisible (left hand)
 G - an uncursed ring of magical power
 O - a cursed ring of teleportation {unknown}
 P - an uncursed ring of ice {unknown}
 S - an amulet of rage (around neck)
 V - an uncursed amulet of stasis {unknown}
Magical devices
 L - a wand of random effects (26)
 U - a wand of random effects (26)
Scrolls
 g - a scroll of enchant weapon
 j - 2 scrolls of immolation
 l - 6 scrolls of remove curse
 o - 5 scrolls of magic mapping
 p - a scroll of noise {unknown}
 q - a scroll of teleportation
 u - a scroll of fog {unknown}
 D - 2 scrolls of amnesia {unknown}
 F - a scroll of random uselessness {unknown}
 M - a scroll of enchant armour {unknown}
Potions
 d - 5 potions of might
 h - 4 potions of cancellation
 k - 5 potions of lignification
 r - 7 potions of curing
 t - a potion of resistance {unknown}
 w - 3 potions of degeneration
 z - a potion of flight {unknown}
 E - 2 potions of mutation {unknown}
 J - a potion of agility {unknown}
Books
 A - a book of the Tempests

   Spells                             Type                      Level
   a - Static Discharge               Conjuration/Air              3
   b - Lightning Bolt                 Conjuration/Air              5
   c - Fireball                       Conjuration/Fire             5
   d - Tornado                        Air                          9
   e - Shatter                        Earth                        9
 K - a book of Power

   Spells                             Type                      Level
   a - Fulminant Prism                Conjuration/Hexes            4
   b - Iskenderun's Mystic Blast      Conjuration                  4
   c - Venom Bolt                     Conjuration/Poison           5
   d - Bolt of Magma                  Conjuration/Fire/Earth       5
   e - Iron Shot                      Conjuration/Earth            6
   f - Orb of Destruction             Conjuration                  7
   g - Spellforged Servitor           Conjuration/Summoning        7
 Q - a book of Death

   Spells                             Type                      Level
   a - Corpse Rot                     Necromancy                   2
   b - Sublimation of Blood           Necromancy                   2
   c - Agony                          Necromancy                   5
   d - Dispel Undead                  Necromancy                   5
   e - Excruciating Wounds            Charms/Necromancy            5
   f - Bolt of Draining               Conjuration/Necromancy       5
 R - a book of Debilitation

   Spells                             Type                      Level
   a - Corona                         Hexes                        1
   b - Slow                           Hexes                        2
   c - Gell's Gravitas                Hexes/Translocation          3
   d - Inner Flame                    Hexes/Fire                   3
   e - Cause Fear                     Hexes                        4
   f - Leda's Liquefaction            Hexes/Earth                  4
Comestibles
 e - 8 bread rations
 x - 6 meat rations
 T - 5 beef jerkies


   Skills:
 + Level 6.1 Fighting
   Level 4.9(6.3) Axes
 + Level 4.9(5.6) Maces & Flails
 * Level 5.4 Throwing
 + Level 6.6 Armour
 + Level 4.1 Dodging
 + Level 0.5 Stealth
 + Level 7.2 Shields


You had 8 spell levels left.
You didn't know any spells.

Dungeon Overview and Level Annotations

Branches:
Dungeon (11/15)            Temple (0/1) D:7
   Lair: D:8-11         Orc: D:9-12

Altars:
Ashenzari

Shops:
D:5 (   D:7 %*

Annotations:
D:10 Aiteri's ghost, experienced SpEn; Erolcha


Message History

Blink to where?
Press: ? - help, Dir - move target cursor
As you read the scroll of blinking, it crumbles to dust.
An orc comes into view. It is wielding a flail.
The orc shouts!
Found a stone staircase leading down.
There is a stone staircase leading down here.
You climb downwards.
You feel a wave of frost pass over you.
There is an entrance to an ice cave on this level.
Hurry and find it before the portal melts!
A hill giant and a shadow imp come into view.
The shadow imp shouts, "Relinquish hope, thou canting sheep-biting snake-molt!"
The hill giant shouts!
Found a bread ration.
There is a stone staircase leading up here.
As you read the scroll labeled PER AMIOGRUCKAETT, it crumbles to dust.
You feel strangely unstable.
It was a scroll of teleportation.
The hill giant closely misses you.
The hill giant hits you with a giant club!!
You die...

#######+##
.........#
..%...5@.#
......C..+
.........#
.........#
###+######


You could see a hill giant and a shadow imp.

Vanquished Creatures
  Sigmund (D:4)
  A hungry ghost (D:8)
  A water moccasin (D:7)
  An ice beast (D:8)
  4 ogres
  A sky beast (D:6)
  An orc warrior (D:8)
  4 centaurs
  4 giant frogs
  A water moccasin zombie (D:6)
  2 scorpions
  4 quasits
  2 crimson imps (D:6)
  A centaur zombie (D:9)
  2 iguanas
  4 hounds
  2 giant frog skeletons
  2 jellies
  4 orc wizards (D:8)
  9 worker ants
  2 worker ant zombies
  10 adders
  An ooze (D:4)
  4 worms
  6 giant geckos
  15 orcs
  2 ball pythons
  10 bats
  12 goblins
  12 hobgoblins
  7 jackals
  3 quokkas
  A ball python zombie (D:5)
  5 giant cockroaches
  A giant gecko zombie (D:6)
  7 giant newts
  16 kobolds
  15 rats
180 creatures vanquished.

Notes
Turn   | Place    | Note
--------------------------------------------------------------
     0 | D:1      | Giampli the Hill Orc Fighter began the quest for the Orb.
     0 | D:1      | Reached XP level 1. HP: 19/19 MP: 1/1
    91 | D:1      | Reached XP level 2. HP: 18/27 MP: 2/2
   529 | D:1      | Reached skill level 1 in Throwing
   681 | D:1      | Reached XP level 3. HP: 33/33 MP: 3/3
  1437 | D:2      | Reached skill level 1 in Dodging
  1437 | D:2      | Reached XP level 4. HP: 40/40 MP: 4/4
  1552 | D:2      | Reached skill level 4 in Armour
  2902 | D:4      | Reached XP level 5. HP: 37/46 MP: 5/5
  2961 | D:4      | Noticed Sigmund
  3000 | D:4      | Killed Sigmund
  3000 | D:4      | Reached XP level 6. HP: 20/53 MP: 6/6
  3017 | D:4      | Reached skill level 5 in Armour
  3726 | D:4      | Reached XP level 7. HP: 56/60 MP: 7/7
  4072 | D:5      | Entered Level 5 of the Dungeon
  4076 | D:5      | Upgraded the game from 0.17-a0-1397-g0eee0a3 to 0.17-a0-1399-gd5b76e1
  4092 | D:5      | Found Ciafecik's Weapon Emporium.
  4101 | D:5      | Bought a +0 mace of draining for 103 gold pieces
  4344 | D:5      | Found a staircase to the Ecumenical Temple.
  4868 | D:6      | Reached skill level 1 in Maces & Flails
  4922 | D:6      | Reached skill level 5 in Fighting
  4922 | D:6      | Reached skill level 5 in Shields
  5150 | D:6      | Reached XP level 8. HP: 33/68 MP: 8/8
  5655 | D:6      | Became a worshipper of Beogh the Brigand
  6203 | D:7      | Found Rowar's Food Boutique.
  6234 | D:7      | Bought a meat ration for 65 gold pieces
  6234 | D:7      | Bought a meat ration for 65 gold pieces
  6234 | D:7      | Bought a meat ration for 65 gold pieces
  6234 | D:7      | Bought a bread ration for 65 gold pieces
  6326 | D:7      | Reached skill level 6 in Armour
  6566 | D:7      | Found a staircase to the Ecumenical Temple.
  6775 | D:7      | Found Cieh's General Store.
  7042 | D:7      | Reached XP level 9. HP: 70/75 MP: 9/9
  7162 | D:7      | Acquired Beogh's first power
  7892 | D:8      | Reached skill level 5 in Throwing
  7946 | D:8      | Found a shattered altar of Ashenzari.
  7951 | D:8      | Reached skill level 7 in Shields
  8417 | D:9      | Acquired Beogh's second power
  8598 | D:9      | Noticed a hill giant
  8609 | D:10     | Entered Level 10 of the Dungeon
  8609 | D:10     | Noticed Erolcha
  8625 | D:10     | Noticed Aiteri's ghost (experienced SpEn)
  8644 | D:10     | Noticed a centaur warrior
  8658 | D:11     | Noticed a hill giant
  8660 | D:11     | Mangled by a hill giant

Vault maps used:
D:1:      dpeg_arrival_rhombi, kennysheep_minor_cross
D:3:      serial_co_window_serial, co_window_paths_a, co_window_corner_a,
          co_window_of_opportunity_a, co_window_corner_a, co_window_paths_b,
          co_window_of_opportunity_a, co_window_of_opportunity_a,
          co_window_paths_a, co_window_corner_a, co_window_corner_b,
          co_window_corner_b, co_window_broadway_a, co_window_4corner_b,
          glass_columns_a, glass_columns_c, glass_columns_a, first_bread
D:4:      hangedman_decor_clover_reticule, uniq_sigmund
D:5:      minmay_temple_entry_fiery, serial_shops, shop
D:7:      minmay_temple_entry_hall, serial_shops, nicolae_shop_crystal,
          kennysheep_mini
D:8:      ashenzari_conservatory_becter, grunt_ogre_cave,
          minmay_misc_feat_plants
D:9:      david_lair_generic
D:10:     uniq_erolcha, uniq_psyche
D:11:     portal_ice_cave_entry_ice_beasts, nemelex_altar_shiori

Action                   |  1- 3 |  4- 6 |  7- 9 || total
-------------------------+-------+-------+-------++-------
Melee: War axe           |   133 |   194 |    15 ||   342
       Mace              |       |       |   486 ||   486
 Fire: Hunting sling     |     4 |       |       ||     4
Throw: Stone             |    11 |    24 |    38 ||    73
Invok: Convert to Beogh  |       |       |     1 ||     1
  Use: Scroll            |     4 |       |    18 ||    22
       Potion            |       |       |     3 ||     3
  Eat: Meat ration       |       |     1 |     1 ||     2
       Bread ration      |       |     1 |     2 ||     3
       Beef jerky        |       |       |     2 ||     2
